 Dungeon Crawl Stone Soup version 0.30-a0-1094-g860fb061e7 (webtiles) character file.

Game seed: 5380491602261316216

3040 Newt the Fiendish (level 9, -6/55 HPs)
             Began as a Gargoyle Gladiator on Apr 17, 2023.
             Was a Priest of Makhleb.
             Mangled by a two-headed ogre
             ... wielding a +0 giant club
              (26 damage)
             ... on level 8 of the Dungeon.
             The game lasted 00:09:43 (7151 turns).

Newt the Fiendish (Gargoyle Gladiator)              Turns: 7151, Time: 00:09:44

Health: -6/55      AC: 15    Str: 27    XL:     9   Next: 86%
Magic:  15/15      EV: 13    Int: 10    God:    Makhleb [***...]
Gold:   372        SH:  0    Dex: 13    Spells: 8/8 levels left

rFire   . . .      SeeInvis .    r - +1 whip of Blushing Certain Death {heavy, rC+ Dex+2}
rCold   + + .      Faith    .    (no shield)
rNeg    + . .      Spirit   .    n - +0 robe of Spite {+Blink rElec rC+ Archmagi}
rPois   ∞          Reflect  .    c - +0 helmet
rElec   +          Rampage  .    m - +0 cloak
rCorr   .          Archmagi +    w - +0 pair of gloves
Will    .....                    p - +2 pair of boots
Stlth   +                        (no amulet)
HPRegen 0.29/turn                i - +6 ring of strength
MPRegen 0.14/turn                (no ring)

@: no status effects
A: sickness immunity, AC +6, negative energy resistance 1, electricity
resistance, torment resistance 1, petrification resistance
a: Renounce Religion, Evoke Blink, Minor Destruction, Lesser Servant of Makhleb


You were on level 8 of the Dungeon.
You worshipped Makhleb.
Makhleb was most pleased with you.
You visited 2 branches of the dungeon, and saw 9 of its levels.

You collected 482 gold pieces.
You spent 110 gold pieces at shops.

Inventory:

Hand Weapons
 a - a +1 flail
 k - a +2 dagger of electrocution
 r - the +1 whip of Blushing Certain Death (weapon) {heavy, rC+ Dex+2}
   (You took it off an orc on level 4 of the Dungeon)

   Dex:       It affects your dexterity (+2).
   rC:        It protects you from cold.
 z - a -1 lajatang
Missiles
 f - a poisoned dart
 h - 66 stones (quivered)
 o - a boomerang
Armour
 b - a +0 leather armour
 c - a +0 helmet (worn)
 m - a +0 cloak (worn)
 n - the +0 robe of Spite (worn) {+Blink rElec rC+ Archmagi}
   (You found it on level 2 of the Dungeon)

   rC:        It protects you from cold.
   rElec:     It insulates you from electricity.
   +Blink:    It lets you blink.
   Archmagi:  It increases the power of your magical spells.
 p - a +2 pair of boots (worn)
 w - a +0 pair of gloves (worn)
Jewellery
 i - a +6 ring of strength (left hand)
 y - a ring of fire
Wands
 v - a wand of charming (8)
Scrolls
 d - a scroll of identify
 g - 3 scrolls of immolation
 l - a scroll of fog
 t - a scroll of amnesia
Potions
 e - a potion of mutation
 j - 3 potions of degeneration
 q - 3 potions of cancellation
 s - 4 potions of curing
 u - a potion of flight


   Skills:
 - Level 6.0 Fighting
 - Level 8.0 Maces & Flails
 + Level 1.1(5.1) Staves
 - Level 1.7 Throwing
 - Level 4.0 Armour
 - Level 4.0 Dodging
 - Level 9.0 Invocations


You had 8 spell levels left.
You didn't know any spells.
Your spell library contained the following spells:

 Spells                   Type           Power      Damage    Failure   Level
 Summon Small Mammal      Summ           0%         N/A       36%         1
 Call Canine Familiar     Summ           0%         N/A       75%         3
 Gell's Gravitas          Tloc           0%         N/A       75%         3
 Ozocubu's Armour         Ice            0%         N/A       75%         3
 Summon Guardian Golem    Hex/Summ       0%         N/A       75%         3
 Teleport Other           Tloc           0%         N/A       75%         3
 Dispel Undead            Necr           0%         3d6       98%         4
 Metabolic Englaciation   Hex/Ice        0%         N/A       100%        5
 Death Channel            Necr           0%         N/A       100%        6
 Dispersal                Tloc           0%         N/A       100%        6
 Simulacrum               Ice/Necr       0%         N/A       100%        6
 Cigotuvi's Dreadful Rot  Necr/Pois/Air  Unusable   N/A       N/A         2

Dungeon Overview and Level Annotations

Branches:
Dungeon (8/15)             Temple (1/1) D:4
   Lair: D:8-11

Altars:
Ashenzari
Cheibriados
Dithmenos
Elyvilon
Fedhas
Gozag
Hepliaklqana
Makhleb
Nemelex Xobeh
Okawaru
Qazlal
Ru
Trog
Uskayaw
Vehumet
Xom
Yredelemnul

Shops:
D:6 *


Innate Abilities, Weirdness & Mutations

You are immune to sickness and miasma.
Your stone body is resilient. (AC +6)
You are immune to poison.
You resist negative energy. (rN+)
You are resistant to electric shocks. (rElec)
You are resistant to unholy torment.
You are immune to petrification.


Message History

Aim: a two-headed ogre, wielding a +0 giant club and a +0 giant spiked club (75% to hit)
You throw a poisoned dart.
The poisoned dart hits the two-headed ogre.
The two-headed ogre is poisoned.
Throw: 4 darts (poison)
Press: ? - help, Shift-Dir - straight line, f/p - two-headed ogre
Aim: a two-headed ogre, wielding a +0 giant club and a +0 giant spiked club (lightly wounded, poisoned, 75% to hit)
You throw a poisoned dart.
The poisoned dart barely misses the two-headed ogre.
The two-headed ogre barely misses you.
The two-headed ogre hits you but does no damage.
Throw: 3 darts (poison)
Press: ? - help, Shift-Dir - straight line, f/p - two-headed ogre
Aim: a two-headed ogre, wielding a +0 giant club and a +0 giant spiked club (lightly wounded, poisoned, 75% to hit)
You throw a poisoned dart.
The poisoned dart hits the two-headed ogre.
The two-headed ogre looks even sicker.
The two-headed ogre is lightly wounded.
The two-headed ogre hits you with a +0 giant club!
The two-headed ogre hits you with a +0 giant spiked club.
You whack the two-headed ogre!
The two-headed ogre is lightly wounded.
You whack the two-headed ogre!
The two-headed ogre is heavily wounded.
The two-headed ogre hits you but does no damage.
The two-headed ogre hits you with a +0 giant spiked club.
You thrash the two-headed ogre!!
The two-headed ogre is severely wounded.
The two-headed ogre closely misses you.
The two-headed ogre hits you with a +0 giant spiked club!!
Throw: 2 darts (poison)
Press: ? - help, Shift-Dir - straight line, f/p - two-headed ogre
Aim: a two-headed ogre, wielding a +0 giant club and a +0 giant spiked club (severely wounded, poisoned, 75% to hit)
You throw a poisoned dart.
The poisoned dart barely misses the two-headed ogre.
Unknown command.
You barely miss the two-headed ogre.
The two-headed ogre is almost dead.
The two-headed ogre hits you with a +0 giant club!!
You die...

...# ...#
...######
#........
#.....>..
#........
####+#####........
.........@O...#
...........(..#
............((#
.......<......#
##########......#
......(# .......#
##+###.+ .#


You could see a two-headed ogre (poisoned).

Vanquished Creatures
  A two-headed ogre (D:6)
  The ghost of spedboy43 the Slasher, an amateur DrRe (D:4)
  Edmund (D:5)
  3 water moccasins
  An ice beast (D:5)
  A black bear (D:5)
  An ogre (D:5)
  3 phantoms (D:5)
  A kobold brigand (D:5)
  2 bullfrogs
  A gnoll sergeant (D:6)
  3 scorpions
  2 killer bees (D:7)
  4 hounds
  A jelly (D:6)
  2 orc priests
  4 sleepcaps
  2 iguanas
  4 orc wizards
  13 gnolls
  10 adders
  2 ufetubi
  2 worms
  20 orcs
  7 endoplasms
  A giant cockroach (D:4)
  39 goblins
  22 hobgoblins
  6 jackals (D:5)
  A quokka (D:1)
  4 ball pythons
  3 bats (D:3)
  2 frilled lizards (D:3)
  12 kobolds
  5 rats
187 creatures vanquished.

Vanquished Creatures (others)
  A plant (D:2)
1 creature vanquished.

Grand Total: 188 creatures vanquished

Notes
Turn   | Place    | Note
-------+----------+-------------------------------------------
     0 | D:1      | Newt the Gargoyle Gladiator began the quest for the Orb.
     0 | D:1      | Reached XP level 1. HP: 12/12 MP: 1/1
   483 | D:2      | Reached XP level 2. HP: 18/18 MP: 2/2
   493 | D:2      | Found a faded altar of an unknown god.
   681 | D:2      | Reached XP level 3. HP: 19/24 MP: 3/3
   737 | D:2      | Identified the +0 robe of Spite {+Blink rElec rC+ Archmagi}
  1248 | D:3      | Reached XP level 4. HP: 23/29 MP: 4/4
  2159 | D:4      | Reached XP level 5. HP: 26/33 MP: 5/5
  2193 | D:4      | Reached skill level 5 in Maces & Flails
  2380 | D:4      | Found a staircase to the Ecumenical Temple.
  2391 | Temple   | Entered the Ecumenical Temple
  2605 | Temple   | Became a worshipper of Makhleb the Destroyer
  2834 | D:4      | Found a runed translucent gate.
  2834 | D:4      | Found a runed translucent gate.
  2834 | D:4      | Found a runed translucent gate.
  2876 | D:4      | Identified the +1 whip of Blushing Certain Death {heavy,
                  | rC+ Dex+2}
  2877 | D:4      | Noticed spedboy43's ghost (amateur DrRe)
  2889 | D:4      | Reached XP level 6. HP: 38/38 MP: 6/6
  2907 | D:4      | HP: 1/38 [orc priest/divine providence (13)]
  2925 | D:4      | Killed spedboy43's ghost
  2928 | D:4      | HP: 1/39 [orc priest/divine providence (13)]
  3356 | D:4      | Reached skill level 5 in Fighting
  3433 | D:4      | Reached XP level 7. HP: 35/44 MP: 7/7
  3444 | D:4      | Reached * piety under Makhleb
  4026 | D:4      | Reached ** piety under Makhleb
  4241 | D:5      | Entered Level 5 of the Dungeon
  4405 | D:5      | Noticed Edmund
  4420 | D:5      | Killed Edmund
  4421 | D:5      | Reached XP level 8. HP: 37/51 MP: 8/8
  5289 | D:5      | Reached skill level 1 in Invocations
  5455 | D:5      | Reached skill level 2 in Invocations
  5653 | D:6      | Reached *** piety under Makhleb
  5671 | D:6      | Found Haenlust's Lightly-Used Armoury.
  5707 | D:6      | Bought a -1 lajatang for 110 gold pieces
  5717 | D:6      | Found a large runed translucent door.
  5717 | D:6      | Found a large runed translucent door.
  5741 | D:6      | Reached skill level 3 in Invocations
  5772 | D:5      | Reached XP level 9. HP: 10/55 MP: 6/11
  6140 | D:5      | Reached skill level 4 in Invocations
  6282 | D:6      | Reached skill level 5 in Invocations
  6352 | D:6      | Noticed a two-headed ogre
  6376 | D:6      | Killed a two-headed ogre
  6377 | D:6      | Reached skill level 7 in Invocations
  6771 | D:6      | Reached skill level 8 in Invocations
  6844 | D:6      | Found an opulent altar of Gozag.
  6857 | D:6      | Found a broken altar of Ashenzari.
  6975 | D:7      | HP: 2/55 [orc warrior/+0 scimitar (7)]
  7007 | D:8      | Reached skill level 9 in Invocations
  7007 | D:8      | Reached skill level 1 in Staves
  7140 | D:8      | Noticed a two-headed ogre
  7151 | D:8      | Mangled by a two-headed ogre

Illustrated notes

Levels and vault maps discovered:
D:1:      elethiomel_arrival_quiet, layout_rooms
D:2:      layout_rooms, serial_forest, infiniplex_forest_straight_3,
          infiniplex_forest_straight_3, infiniplex_forest_straight_3,
          infiniplex_forest_end_3, infiniplex_forest_clump_curved,
          infiniplex_forest_straight_3, shapermc_ecumenical_altar_mp_highgroup
D:3:      layout_loops_corners
D:4:      minmay_goblin_kobold_castle, layout_basic,
          nicolae_overflow_hidden_temple, minmay_temple_entry_junction,
          biasface_ghost_orc_armoury
D:5:      layout_basic, uniq_edmund
D:6:      layout_rooms, jmf_multi_god_temple2, minmay_shop_damaged
D:7:      lemuel_ice_statue, layout_cave_pools, uniq_maggie,
          uniq_crazy_yiuf_cottage, uniq_duvessa
D:8:      layout_gridville, mainiacjoe_overflow_24_doors, enter_bailey_2,
          minmay_misc_feat_room, hangedman_glass_teeth, kennysheep_minor_cross,
          uniq_grum
Temple:   regret_index_temple_generic_petals

Skill      XL: |  1  2  3  4  5  6  7  8  9 |
---------------+----------------------------+-----
Fighting       | 3 4 5 6 |  6.0
Maces & Flails | 4 5 7 8 |  8.0
Dodging        | 3 4 |  4.0
Armour         | 4 |  4.0
Invocations    | 3 9 |  9.0
Staves         | 1 |  1.1
Throwing       | |  1.7

Action                     |  1- 3 |  4- 6 |  7- 9 || total
---------------------------+-------+-------+-------++-------
  Melee: Flail             |    72 |    74 |       ||   146
         Whip              |       |    81 |   440 ||   521
         Punch             |       |     1 |     5 ||     6
  Throw: Stone             |       |     5 |       ||     5
         Dart              |       |     2 |    16 ||    18
         Throwing net      |       |     1 |     3 ||     4
         Javelin           |       |       |     1 ||     1
    Use: Scroll            |     2 |     8 |     3 ||    13
         Potion            |       |     4 |     2 ||     6
 Armour: Leather armour    |    21 |       |       ||    21
         Robe              |     7 |    96 |   245 ||   348
  Dodge: Dodged            |    36 |   180 |   374 ||   590

Table legend: (Time is in decaauts)
 A = Elapsed time spent in this place.
 B = Non-inter-level travel time spent in this place.
 C = Inter-level travel time spent in this place.
 D = Time resting spent in this place.
 E = Time spent auto-exploring this place.
 F = Levels seen in this place.
 G = Mean time per level.
                   A        B        C        D        E       F      G
               +--------+--------+--------+--------+--------+-----+--------+
         Total |   7276 |   6945 |    331 |   1745 |   3736 |   9 |  808.4 |
       Dungeon |   7031 |   6744 |    287 |   1745 |   3541 |   8 |  878.9 |
        Temple |    245 |    202 |     43 |      0 |    195 |   1 |  245.0 |
               +--------+--------+--------+--------+--------+-----+--------+

Top non-repeatable levels by time:
     D:4: 1922 daAuts
     D:5: 1786 daAuts
     D:3: 1009 daAuts
     D:6: 894 daAuts
     D:2: 684 daAuts
     D:1: 475 daAuts
  Temple: 245 daAuts
     D:8: 163 daAuts
     D:7: 94 daAuts
